 Dungeon Crawl Stone Soup version 0.31-a0-117-g42d8f58691 (webtiles) character file.

Game seed: 2314323000425497086

26 loir the Ducker (level 3, -2/28 HPs)
             Began as a Merfolk Gladiator on May 30, 2023.
             Slain by Terence
             ... wielding a +0 morningstar
              (6 damage)
             ... on level 2 of the Dungeon.
             The game lasted 00:04:47 (878 turns).

loir the Ducker (Merfolk Gladiator)                  Turns: 878, Time: 00:04:48

Health: -2/28      AC:  4    Str: 16    XL:     3   Next: 8%
Magic:  3/3        EV: 13    Int:  7    God:
Gold:   31         SH:  0    Dex: 15    Spells: 2/2 levels left

rFire   . . .        a - +0 trident
rCold   . . .        (no shield)
rNeg    . . .        b - +0 leather armour
rPois   +            c - +0 helmet
rElec   .            (no cloak)
rCorr   .            (no gloves)
SInv    .            (no boots)
Will    .....        (no amulet)
Stlth   +            h - ring of poison resistance
HPRegen 0.24/turn    (no ring)
MPRegen 0.08/turn

%: no passive effects
@: no status effects
A: (nimble swimmer 2), mertail
a: no special abilities


You were on level 2 of the Dungeon.
You visited 1 branch of the dungeon, and saw 2 of its levels.

You collected 87 gold pieces.
You spent 56 gold pieces at shops.

Inventory:

Hand Weapons
 a - a +0 trident (weapon)
Missiles
 d - 3 throwing nets (quivered)
 e - a javelin
Armour
 b - a +0 leather armour (worn)
 c - a +0 helmet (worn)
 l - a +0 tower shield
Jewellery
 h - a ring of poison resistance (left hand)
Scrolls
 g - 3 scrolls of identify
 i - a scroll of poison {unknown}
 k - a scroll of teleportation {unknown}
Potions
 f - a potion of heal wounds
 j - a potion of might {unknown}


   Skills:
 * Level 2.9 Fighting
 + Level 4.3 Polearms
 + Level 2.3 Throwing
 + Level 4.3 Dodging


You had 2 spell levels left.
You didn't know any spells.
Your spell library was empty.

Dungeon Overview and Level Annotations

Branches:
Dungeon (2/15)

Altars:

Shops:
D:1 *[:(*

Annotations:
D:2 Terence


Innate Abilities, Weirdness & Mutations

((You are very nimble when in or above water. (Stealth+, EV+, Speed+++)))
Your lower body shifts to a powerful aquatic tail in water.


Message History

You hit Terence.
Terence is lightly wounded.
Terence misses you.
You closely miss Terence.
Terence is lightly wounded.
Terence closely misses you.
You hit Terence.
Terence is moderately wounded.
Terence hits you with a +0 morningstar.
You closely miss Terence.
Terence is moderately wounded.
Terence closely misses you.
You barely miss Terence.
Terence is moderately wounded.
Terence closely misses you.
You hit Terence but do no damage.
Terence is moderately wounded.
Terence completely misses you.
You hit Terence but do no damage. You punch Terence.
Terence is moderately wounded.
Terence barely misses you.
You hit Terence but do no damage.
Terence is moderately wounded.
Terence closely misses you.
You puncture Terence!
Terence is severely wounded.
Terence hits you with a +0 morningstar! x2
Ouch! That really hurt!
* * * LOW HITPOINT WARNING * * *
You are too injured to fight recklessly!
You are too injured to fight recklessly!
You are too injured to fight recklessly!
You are too injured to fight recklessly!
You barely miss Terence.
Terence is severely wounded.
Terence barely misses you.
You hit Terence.
Terence is severely wounded.
Terence hits you with a +0 morningstar.
You die...

... ..#
####...#
##......#
#.<..#
#.####.##.#
#.........#
...#####.######
#....@@........
#..###.########
..# .### #. .
.. ..


You could see Terence.

Vanquished Creatures
  2 endoplasms (D:1)
  3 goblins (D:1)
  4 hobgoblins (D:1)
  4 jackals (D:1)
  A kobold (D:1)
  2 quokkas (D:1)
  2 ball pythons (D:1)
  2 bats (D:1)
  A frilled lizard (D:1)
  A rat (D:1)
22 creatures vanquished.

Notes
Turn   | Place    | Note
-------+----------+-------------------------------------------
     0 | D:1      | loir the Merfolk Gladiator began the quest for the Orb.
     0 | D:1      | Reached XP level 1. HP: 16/16 MP: 1/1
    35 | D:1      | Found Uwamed's Assorted Antiques.
    72 | D:1      | Found Edotoosch's Armour Emporium.
   120 | D:1      | Reached XP level 2. HP: 22/23 MP: 2/2
   179 | D:1      | Found Ryxa's Book Boutique.
   246 | D:1      | Found Xefit's Weapon Shoppe.
   262 | D:1      | Found Hanuss's General Store.
   282 | D:1      | Bought a scroll of identify for 28 gold pieces
   282 | D:1      | Bought a scroll of identify for 28 gold pieces
   539 | D:1      | Reached XP level 3. HP: 21/28 MP: 3/3
   865 | D:2      | Noticed Terence
   878 | D:2      | Slain by Terence

Illustrated notes

Levels and vault maps discovered:
D:1:      zelgadis_glass_arrival_small, layout_basic, serial_shops,
          nicolae_shop_back_alley_shop, shop,
          nicolae_shop_temple_entry_statues_fountains, nicolae_shop_peninsula,
          nicolae_shop_gibbet_a_chance
D:2:      layout_basic, basic_altar, uniq_crazy_yiuf_cottage, uniq_terence,
          uniq_natasha

Action                     || total
---------------------------++-------
  Melee: Trident           ||    98
         Punch             ||     1
    Use: Scroll            ||     1
   Stab: Distracted        ||     2
 Armour: Leather armour    ||    22
  Dodge: Dodged            ||    62

Table legend: (Time is in decaauts)
 A = Elapsed time spent in this place.
 B = Non-inter-level travel time spent in this place.
 C = Inter-level travel time spent in this place.
 D = Time resting spent in this place.
 E = Time spent auto-exploring this place.
 F = Levels seen in this place.
 G = Mean time per level.
                   A        B        C        D        E       F      G
               +--------+--------+--------+--------+--------+-----+--------+
         Total |    883 |    846 |     37 |      0 |    677 |   2 |  441.5 |
       Dungeon |    883 |    846 |     37 |      0 |    677 |   2 |  441.5 |
               +--------+--------+--------+--------+--------+-----+--------+

Top non-repeatable levels by time:
     D:1: 864 daAuts
     D:2: 18 daAuts
